[Event "Titled Tuesday Blitz August 1 Early 2023"]
[White "djokovic74"]
[Black "Harsh Suresh"]
[BlackFideId "45018464"]
[WhiteElo "2771"]
[BlackElo "2889"]
[Result "0-1"]
[Round "8"]
[TimeControl "180+1"]
[Date "2023.08.01"]
[WhiteClock "0:00:00"]
[BlackClock "0:00:18"]
[Board "15"]

1. e4 e5 2. Nf3 Nc6 3. Bb5 a6 4. Ba4 Nf6 5. O-O b5 6. Bb3 Bc5 7. Nc3 O-O 8. a3 d6 9. h3 h6 10. d3 Nd4 11. Nxd4 Bxd4 12. Ne2 Bb6 13. Ng3 Be6 14. c3 d5 15. Bc2 dxe4 16. dxe4 Qxd1 17. Rxd1 Rfd8 18. Be3 Bxe3 19. fxe3 Kf8 20. Kf2 Ke7 21. a4 Nd7 22. axb5 axb5 23. b4 g6 24. Nf1 Nb6 25. Ke1 Rxd1+ 26. Rxd1 Ra3 27. Bd3 Bc4 28. Bxc4 Nxc4 29. Rd3 Ra1+ 30. Kf2 Ra2+ 31. Kf3 Rc2 32. g4 c6 33. h4 Ke8 34. Ng3 Nd2+ 35. Ke2 Nxe4+ 36. Kf3 Nd2+ 37. Ke2 Nb1+ 38. Kf3 Nxc3 39. h5 Ke7 40. hxg6 fxg6 41. Ne4 Nxe4 42. Kxe4 Ke6 43. Rd8 Rc4+ 44. Kf3 Rxb4 45. Rh8 h5 46. gxh5 gxh5 47. Rxh5 Kd5 48. Rh8 Rc4 49. Rd8+ Kc5 50. e4 b4 51. Ke3 b3 52. Rb8 Rb4 0-1


[Site "https://www.chess.com"]

[Event "Titled Tuesday Blitz August 1 Early 2023"]
[White "JeRoma71"]
[Black "Idani, Pouya"]
[BlackFideId "12510130"]
[WhiteElo "2887"]
[BlackElo "2753"]
[Result "0-1"]
[Round "8"]
[TimeControl "180+1"]
[Date "2023.08.01"]
[WhiteClock "0:00:00"]
[BlackClock "0:00:19"]
[Board "16"]

1. Nf3 d5 2. g3 Nd7 3. d4 Nb6 4. a4 a5 5. b3 h6 6. Bg2 Bf5 7. Ba3 Nf6 8. O-O e6 9. Bxf8 Kxf8 10. Nbd2 c6 11. e3 Ne4 12. Ne5 Nxd2 13. Qxd2 Nd7 14. Nd3 Kg8 15. Rfc1 Kh7 16. c4 Re8 17. Rab1 Kg8 18. b4 Nb6 19. c5 Nc4 20. Qc3 Bxd3 21. Qxd3 e5 22. b5 exd4 23. Qxd4 Qe7 24. Rb3 Rad8 25. Rcb1 Ne5 26. Qc3 Nd7 27. Rc1 Ra8 28. h3 Nf6 29. bxc6 bxc6 30. Rb6 Qc7 31. Rcb1 Re7 32. Qd4 Ra7 33. Qf4 Qxf4 34. gxf4 Rec7 35. Bf1 Kf8 36. Rc1 Nd7 37. h4 Ke7 38. Bh3 Nf6 39. f3 Rab7 40. Kf2 d4 41. e4 Nh5 42. Rcb1 Rxb6 43. cxb6 Rb7 44. Bc8 Rb8 45. b7 Nxf4 46. Ke1 Nd3+ 47. Kd2 Nc5 48. e5 Nxa4 49. Kd3 Nc3 50. Ra1 Kd8 51. Rxa5 Nb5 52. Ra8 Kc7 53. f4 f6 54. e6 Nd6 55. Kxd4 Nxc8 56. bxc8=Q+ Rxc8 57. Ra7+ Kd6 58. f5 Rc7 59. Rxc7 Kxc7 60. Kc5 h5 61. Kc4 Kd6 62. Kd4 g6 63. fxg6 Kxe6 64. Kc5 f5 65. Kd4 Kf6 66. g7 Kxg7 67. Ke5 Kg6 68. Ke6 f4 0-1


[Site "https://www.chess.com"]

[Event "Titled Tuesday Blitz August 1 Early 2023"]
[White "Ter-Sahakyan, Samvel"]
[Black "Khachiyan, Melikset"]
[WhiteFideId "13302531"]
[BlackFideId "13300512"]
[WhiteElo "2848"]
[BlackElo "2733"]
[Result "0-1"]
[Round "8"]
[TimeControl "180+1"]
[Date "2023.08.01"]
[WhiteClock "0:00:01"]
[BlackClock "0:01:03"]
[Board "17"]

1. e4 e5 2. Nf3 Nc6 3. Bb5 f5 4. d3 fxe4 5. dxe4 Nf6 6. O-O Bc5 7. Nc3 d6 8. Bc4 Bg4 9. Qd3 Qd7 10. a3 Be6 11. b4 Bb6 12. Nd5 Bxd5 13. exd5 Ne7 14. Ng5 O-O 15. Bd2 Ng6 16. Rae1 Nh5 17. g3 Qg4 18. Re4 Nhf4 19. Bxf4 Rxf4 20. Rxf4 exf4 21. Ne4 Ne5 22. Qe2 f3 0-1


[Site "https://www.chess.com"]

[Event "Titled Tuesday Blitz August 1 Early 2023"]
[White "Koellner, Ruben Gideon"]
[Black "Pichot, Alan"]
[WhiteFideId "12993093"]
[BlackFideId "110973"]
[WhiteElo "2728"]
[BlackElo "2827"]
[Result "0-1"]
[Round "8"]
[TimeControl "180+1"]
[Date "2023.08.01"]
[WhiteClock "0:00:10"]
[BlackClock "0:00:59"]
[Board "18"]

1. d4 Nf6 2. Nf3 g6 3. Nbd2 Bg7 4. e4 d6 5. Bc4 O-O 6. O-O a6 7. Bb3 b5 8. Re1 Bb7 9. e5 Nd5 10. e6 f5 11. Ng5 c5 12. dxc5 dxc5 13. c4 Nb4 14. Nf7 Qd4 15. Nf3 Qxd1 16. Rxd1 N8c6 17. a3 Na5 18. Ba4 bxa4 19. axb4 Nxc4 20. bxc5 a3 21. Bg5 axb2 22. Ra4 Bd5 23. Nh6+ Kh8 24. Nf7+ Kg8 25. Nh6+ Bxh6 26. Bxh6 Rfb8 27. Rb1 Be4 28. Rxc4 Bxb1 29. c6 Bd3 30. c7 Bxc4 31. cxb8=Q+ Rxb8 0-1


[Site "https://www.chess.com"]

[Event "Titled Tuesday Blitz August 1 Early 2023"]
[White "Jahnz, Fabian"]
[Black "Tristan, Leonardo"]
[WhiteFideId "4653300"]
[BlackFideId "113816"]
[WhiteElo "2391"]
[BlackElo "2797"]
[Result "0-1"]
[Round "8"]
[TimeControl "180+1"]
[Date "2023.08.01"]
[WhiteClock "0:00:01"]
[BlackClock "0:01:25"]
[Board "19"]

1. e4 d5 2. exd5 Qxd5 3. Nc3 Qa5 4. Nf3 Nf6 5. h3 Bf5 6. Bc4 e6 7. d3 c6 8. Bd2 Qc7 9. O-O Nbd7 10. a4 a5 11. Re1 Be7 12. Ne4 h6 13. Bc3 O-O 14. Nxf6+ Bxf6 15. Bxf6 Nxf6 16. Ne5 Bh7 17. Qf3 Nd5 18. Bxd5 cxd5 19. c3 Rad8 20. d4 Rfe8 21. Qg3 f6 22. Nf3 Qxg3 23. fxg3 Rd6 24. Rec1 Rb6 25. Ra2 Bd3 26. Nd2 e5 27. Re1 e4 28. Re3 f5 29. Kf2 g5 30. Re1 f4 31. gxf4 gxf4 32. Kg1 e3 33. Nf3 Bc4 34. Raa1 Rxb2 35. Ne5 Ba6 36. Rab1 Rc2 37. Rb6 Kh7 38. Rd6 Rg8 39. Rd7+ Rg7 40. Rxg7+ Kxg7 41. Rb1 Rxc3 42. Rb6 Rc1+ 43. Kh2 e2 44. Nf3 e1=Q 45. Nxe1 Rxe1 46. Rd6 Re2 47. Rxd5 f3 48. Rxa5 Rxg2+ 49. Kh1 f2 50. Kxg2 f1=Q+ 0-1


[Site "https://www.chess.com"]

[Event "Titled Tuesday Blitz August 1 Early 2023"]
[White "Guerra Tulcan, Lenin"]
[Black "Naroditsky, Daniel"]
[WhiteFideId "3601382"]
[BlackFideId "2026961"]
[WhiteElo "2648"]
[BlackElo "3090"]
[Result "0-1"]
[Round "8"]
[TimeControl "180+1"]
[Date "2023.08.01"]
[WhiteClock "0:00:03"]
[BlackClock "0:00:39"]
[Board "20"]

1. e4 Nf6 2. e5 Nd5 3. c4 Nb6 4. a4 a5 5. d4 d6 6. exd6 exd6 7. Ra3 Be7 8. Rg3 O-O 9. Nf3 Bf5 10. Nc3 Nc6 11. Be2 Bf6 12. Kf1 Re8 13. Be3 d5 14. c5 Nc4 15. Bxc4 dxc4 16. Kg1 Nxd4 17. h4 Nc2 18. Qxd8 Raxd8 19. Bf4 Rd7 20. Kh2 Nb4 21. Bg5 Bxg5 22. Rxg5 g6 23. h5 h6 24. Rg3 g5 25. Nh4 Bh7 26. f4 Rd4 27. Rf1 Nd3 28. Nf3 Rxf4 29. Nd5 Rf5 30. Nxg5 Rxf1 31. Ne6+ Kh8 0-1


[Site "https://www.chess.com"]

[Event "Titled Tuesday Blitz August 1 Early 2023"]
[White "Pranav, V"]
[Black "Mikhailovsky, Vladimir"]
[WhiteFideId "25060783"]
[BlackFideId "34105414"]
[WhiteElo "3005"]
[BlackElo "2752"]
[Result "1-0"]
[Round "8"]
[TimeControl "180+1"]
[Date "2023.08.01"]
[WhiteClock "0:01:46"]
[BlackClock "0:00:00"]
[Board "21"]

1. e4 Nf6 2. e5 Nd5 3. d4 d6 4. Nf3 dxe5 5. Nxe5 c6 6. Bd3 Nd7 7. Nxd7 Bxd7 8. O-O g6 9. a3 Bg7 10. c4 Nf6 11. Nc3 O-O 12. Re1 Bg4 13. f3 Bf5 14. Be3 Bxd3 15. Qxd3 Qd7 16. Rad1 Rad8 17. Bf2 Rfe8 18. Qc2 b6 19. b4 Nh5 20. g3 b5 21. cxb5 cxb5 22. Qd3 a6 23. d5 Bxc3 24. Qxc3 Rc8 25. Bc5 Ng7 26. Qe5 Nf5 27. g4 Nd6 28. h4 Nc4 29. Qg5 Nxa3 30. Rxe7 Rxe7 31. Qxe7 Rd8 32. Qf6 Nc2 33. Rd2 1-0


[Site "https://www.chess.com"]

[Event "Titled Tuesday Blitz August 1 Early 2023"]
[White "Ning, Kaiyu"]
[Black "Martinez Alcantara, Jose Eduardo"]
[WhiteFideId "8614750"]
[BlackFideId "3805662"]
[WhiteElo "2733"]
[BlackElo "2998"]
[Result "1-0"]
[Round "8"]
[TimeControl "180+1"]
[Date "2023.08.01"]
[WhiteClock "0:00:08"]
[BlackClock "0:00:00"]
[Board "22"]

1. e4 c5 2. Nf3 d6 3. d4 cxd4 4. Nxd4 a6 5. c4 e6 6. Nc3 Nf6 7. Be3 b6 8. Be2 Bb7 9. f3 h5 10. Rc1 Nbd7 11. O-O Rc8 12. Qd2 Be7 13. Rfd1 O-O 14. a4 Qc7 15. b4 Qb8 16. Nb3 Rfd8 17. a5 bxa5 18. Nxa5 Ba8 19. Rb1 Qc7 20. Rdc1 Rb8 21. Nd5 exd5 22. cxd5 Nc5 23. bxc5 Rxb1 24. Rxb1 dxc5 25. Nc4 Bxd5 26. exd5 Nxd5 27. Bf2 Nf4 28. Qe3 Bg5 29. Qe4 f5 30. Qc2 Bf6 31. Bf1 g6 32. Rb6 Nd5 33. Rb1 Kg7 34. Rd1 Nb4 35. Qb1 Rb8 36. Qb3 Bd4 37. Qa4 Kh6 38. Bxd4 cxd4 39. Qa5 Qf4 40. Qe5 Qxe5 41. Nxe5 a5 42. Rxd4 a4 43. Nc4 Nc2 44. Rd2 Nb4 45. Na3 Nc6 46. Rc2 Nd4 47. Rc4 Ne6 48. Rxa4 Kg5 49. Nb5 h4 50. Nd4 Ng7 51. Ra7 Nh5 52. Ne2 Rb1 53. Kf2 Rb2 54. Ra4 Nf6 55. Rd4 Ra2 56. g3 hxg3+ 57. hxg3 Kh6 58. Kg2 Nh5 59. Kf2 Nf6 60. Rd3 Rb2 61. Ke3 Rb1 62. Kf2 Rb2 63. Rc3 Nd5 64. Rc1 Nb4 65. Rd1 Ra2 66. g4 fxg4 67. fxg4 Nc6 68. Rd5 Kg7 69. Kg3 Ra3+ 70. Kf2 Ra2 71. Kf3 Ne7 72. Re5 Kf6 73. Re3 Nd5 74. Rd3 Nb4 75. Rd4 Nc2 76. Rd6+ Kg5 77. Nf4 Ne1+ 78. Kg3 Ra3+ 79. Bd3 Kh6 80. Rxg6+ Kh7 81. Ra6+ Rxd3+ 82. Nxd3 Nxd3 83. Kh4 Ne5 84. Kh5 Kg7 85. g5 Nd3 86. Ra7+ Kf8 87. Kh6 Ne5 88. g6 Ng4+ 89. Kh7 Ne5 90. g7+ 1-0


[Site "https://www.chess.com"]

[Event "Titled Tuesday Blitz August 1 Early 2023"]
[White "Zhao, Jun"]
[Black "Kramnik, Vladimir"]
[WhiteFideId "8602522"]
[BlackFideId "4101588"]
[WhiteElo "2727"]
[BlackElo "2973"]
[Result "0-1"]
[Round "8"]
[TimeControl "180+1"]
[Date "2023.08.01"]
[WhiteClock "0:00:00"]
[BlackClock "0:00:14"]
[Board "23"]

1. e4 c5 2. Nf3 e6 3. d4 cxd4 4. Nxd4 Nf6 5. Nc3 Nc6 6. Ndb5 d6 7. Bf4 e5 8. Bg5 a6 9. Na3 b5 10. Nd5 Be7 11. Bxf6 Bxf6 12. c3 Rb8 13. Nc2 Bg5 14. Be2 O-O 15. O-O Be6 16. Bg4 Qc8 17. Bxe6 fxe6 18. Ndb4 Nxb4 19. Nxb4 a5 20. Nd3 Bd8 21. Qe2 Bb6 22. Kh1 Qc4 23. a3 Rb7 24. f3 g5 25. Rad1 Rbf7 26. Nc1 Bc7 27. h3 h5 28. Nd3 Rg7 29. Qe3 Qc6 30. g4 Bb6 31. Qe2 Qe8 32. Kg2 Rgf7 33. Ne1 Bc7 34. Nd3 Bb6 35. Ne1 hxg4 36. hxg4 Rh7 37. Rxd6 Bc5 38. Rd1 Kg7 39. Rh1 Rxh1 40. Kxh1 Qg6 41. Kg2 Rh8 42. Nd3 Qh6 43. Nf2 Qh2+ 44. Kf1 Qg3 45. Rd7+ Kf6 46. Qd2 Qxf3 47. Ke1 Bxf2+ 48. Qxf2 Rh1+ 0-1


[Site "https://www.chess.com"]

[Event "Titled Tuesday Blitz August 1 Early 2023"]
[White "Dau Khuong Duy"]
[Black "Kim, Yoon-Young"]
[WhiteFideId "12424722"]
[BlackFideId "30908779"]
[WhiteElo "2876"]
[BlackElo "2722"]
[Result "1-0"]
[Round "8"]
[TimeControl "180+1"]
[Date "2023.08.01"]
[WhiteClock "0:01:00"]
[BlackClock "0:00:04"]
[Board "24"]

1. e4 e5 2. Nf3 Nc6 3. Bb5 a6 4. Ba4 Nf6 5. d3 d6 6. c3 Be7 7. h3 O-O 8. O-O b5 9. Bb3 Na5 10. Bc2 c5 11. Re1 Nc6 12. Nbd2 Re8 13. Nf1 Bf8 14. Ng3 h6 15. d4 cxd4 16. cxd4 exd4 17. Nxd4 Nxd4 18. Qxd4 Be6 19. Be3 Rc8 20. Qd2 Qc7 21. Rac1 Qb7 22. b3 d5 23. e5 Ne4 24. Bxe4 dxe4 25. Qd4 Rcd8 26. Qxe4 Bd5 27. Qg4 Bxg2 28. Bxh6 Bf3 29. Qg5 Kh7 30. Re3 Bd5 31. Nh5 Re6 32. Qxd8 Rg6+ 33. Rg3 Be7 34. Qc7 Qxc7 35. Rxc7 Bh4 36. Rxg6 Kxg6 37. Nf4+ 1-0


[Site "https://www.chess.com"]

[Event "Titled Tuesday Blitz August 1 Early 2023"]
[White "Harshavardhan G B"]
[Black "Papasimakopoulos, Alexandros"]
[WhiteFideId "25059009"]
[BlackFideId "4244125"]
[WhiteElo "2869"]
[BlackElo "2720"]
[Result "1/2-1/2"]
[Round "8"]
[TimeControl "180+1"]
[Date "2023.08.01"]
[WhiteClock "0:00:37"]
[BlackClock "0:00:13"]
[Board "25"]

1. d4 d5 2. c4 e6 3. Nc3 a6 4. cxd5 exd5 5. Nf3 c6 6. e4 dxe4 7. Ng5 Be7 8. Bc4 Nh6 9. Ngxe4 Nf5 10. d5 b5 11. Bb3 c5 12. d6 Nxd6 13. Nxc5 O-O 14. O-O Nc4 15. Qf3 Ra7 16. Bxc4 Bxc5 17. Bb3 Rd7 18. Bf4 Bd6 19. Bxd6 Rxd6 20. Ne4 Bb7 21. Rfe1 Nd7 22. Qf5 g6 23. Qf4 Rd4 24. Rad1 Rxe4 25. Rxe4 Bxe4 26. Qxe4 Nc5 27. Qe5 Qc8 28. Bd5 Na4 29. h3 Qe8 30. Qf6 Qd7 31. Bb3 Qe8 32. Rd5 Qc8 33. Bxa4 bxa4 34. a3 Qb7 35. Rd6 Rb8 36. Rxa6 Qxb2 37. Qxb2 Rxb2 38. Rxa4 Ra2 39. g4 Kg7 40. g5 h6 41. h4 hxg5 42. hxg5 Kf8 43. Kg2 Ke7 44. Kg3 Ke6 45. Ra6+ Ke7 46. f4 Kf8 47. Kf3 Ra1 48. Ke4 Re1+ 49. Kd4 Rf1 50. Ke5 Kg7 51. a4 Re1+ 52. Kd5 Rf1 53. Ke4 Re1+ 54. Kf3 Rf1+ 55. Kg3 Ra1 56. a5 Ra3+ 57. Kg2 Ra4 58. Kf3 Kf8 59. Ra8+ Kg7 60. Ra7 Kf8 61. Ke3 Kg7 62. a6 Kf8 63. Ra8+ Kg7 64. a7 Ra1 65. Kd4 Rd1+ 66. Kc5 Rc1+ 67. Kb4 Ra1 68. Kb5 Rb1+ 69. Kc6 Rc1+ 70. Kd6 Rd1+ 71. Ke5 Re1+ 72. Kd4 Ra1 73. f5 gxf5 74. Ke5 Ra5+ 75. Kf4 Ra1 76. Kxf5 Ra5+ 77. Ke4 Ra4+ 78. Kd5 Ra3 79. Kc6 Ra1 80. Kb7 Rb1+ 81. Kc8 Rc1+ 82. Kd8 Rd1+ 83. Ke8 Re1+ 84. Kd7 Rd1+ 85. Kc6 Rc1+ 86. Kb5 Rb1+ 87. Kc4 Ra1 88. Kb4 Ra6 89. Kb5 Ra1 90. Kc5 Rc1+ 91. Kd4 Ra1 92. Kc3 Ra2 93. Kb3 Ra1 94. Kc4 Ra2 95. Kd5 Ra1 96. Kd6 Rd1+ 97. Kc6 Rc1+ 98. Kd5 Rd1+ 99. Ke4 Re1+ 100. Kf4 Rf1+ 101. Kg3 Rg1+ 102. Kh4 Ra1 103. Kh5 Ra4 104. g6 Ra5+ 105. Kg4 fxg6 106. Kf4 Ra4+ 107. Ke5 g5 108. Kd6 g4 109. Ke5 g3 110. Rc8 g2 111. Rc1 Rxa7 112. Rg1 Ra2 113. Kf4 Kf6 114. Kg3 Kg5 115. Rxg2 Rxg2+ 116. Kxg2 1/2-1/2


[Site "https://www.chess.com"]

[Event "Titled Tuesday Blitz August 1 Early 2023"]
[White "Shtembuliak, Evgeny"]
[Black "Dimitrov, Atanas"]
[WhiteFideId "14113325"]
[BlackFideId "2901315"]
[WhiteElo "2854"]
[BlackElo "2718"]
[Result "1-0"]
[Round "8"]
[TimeControl "180+1"]
[Date "2023.08.01"]
[WhiteClock "0:00:06"]
[BlackClock "0:00:00"]
[Board "26"]

1. c4 e5 2. Nc3 g6 3. h4 Nf6 4. Nf3 Nc6 5. d4 exd4 6. Nxd4 Bg7 7. Bg5 h6 8. Bf4 d6 9. e3 Nxd4 10. exd4 O-O 11. Be2 Re8 12. Qd2 Ne4 13. Nxe4 Rxe4 14. Be3 h5 15. O-O-O c6 16. Bd3 Re8 17. f3 d5 18. g4 hxg4 19. h5 dxc4 20. Bc2 Bf5 21. hxg6 fxg6 22. Bh6 Qe7 23. Bxf5 gxf5 24. fxg4 fxg4 25. Bxg7 Qxg7 26. Rh5 Re6 27. Rdh1 Rae8 28. d5 cxd5 29. Qxd5 Kf7 30. Rh7 c3 31. Qf5+ Rf6 32. Qd7+ 1-0


[Site "https://www.chess.com"]

[Event "Titled Tuesday Blitz August 1 Early 2023"]
[White "Brodowski, Piotr"]
[Black "Moroni, Luca Jr"]
[WhiteFideId "1124480"]
[BlackFideId "865834"]
[WhiteElo "2715"]
[BlackElo "2853"]
[Result "1-0"]
[Round "8"]
[TimeControl "180+1"]
[Date "2023.08.01"]
[WhiteClock "0:00:49"]
[BlackClock "0:00:18"]
[Board "27"]

1. d4 g6 2. e4 Bg7 3. Nc3 d6 4. Nf3 Nf6 5. a4 O-O 6. h3 a6 7. a5 Nc6 8. Bc4 Nxe4 9. Bxf7+ Rxf7 10. Nxe4 Bf5 11. Ng3 Qd7 12. O-O Raf8 13. Ng5 Nxd4 14. Nxf7 Bxc2 15. Nh6+ Kh8 16. Qe1 Bd3 17. Ng4 Bxf1 18. Qxf1 Qc6 19. Bh6 Qb5 20. Bxg7+ Kxg7 21. Qc1 c6 22. Qh6+ Kg8 23. Re1 Rf7 24. Ne4 Qxa5 25. Nef6+ Kh8 26. Rxe7 Ne2+ 27. Rxe2 1-0


[Site "https://www.chess.com"]

[Event "Titled Tuesday Blitz August 1 Early 2023"]
[White "Kazakouski, Valery"]
[Black "Panesar Vedant"]
[WhiteFideId "13507443"]
[BlackFideId "35033018"]
[WhiteElo "2845"]
[BlackElo "2710"]
[Result "1-0"]
[Round "8"]
[TimeControl "180+1"]
[Date "2023.08.01"]
[WhiteClock "0:00:41"]
[BlackClock "0:00:10"]
[Board "28"]

1. Nf3 d5 2. c4 e6 3. g3 d4 4. e3 Nc6 5. exd4 Nxd4 6. Bg2 Bc5 7. Nc3 Nf6 8. O-O O-O 9. d3 c6 10. Re1 h6 11. Be3 Nxf3+ 12. Qxf3 Bd4 13. Bxd4 Qxd4 14. Qe3 Rd8 15. Rad1 Qxe3 16. Rxe3 Bd7 17. d4 Be8 18. Red3 Rd6 19. f4 Rad8 20. b4 Ra8 21. a4 a6 22. a5 Rad8 23. Na4 R6d7 24. Bf3 Kf8 25. Kf2 Rc7 26. Ke3 Ke7 27. Nc5 Nd7 28. Nb3 Rb8 29. Ra1 f6 30. h4 Bg6 31. Rd2 Bh7 32. Re1 Kf7 33. Kf2 b5 34. Rc1 Rbc8 35. cxb5 cxb5 36. Nc5 Nb8 37. Re1 Re7 38. Rde2 Rce8 39. d5 exd5 40. Bxd5+ Kf8 41. Ne6+ 1-0


[Site "https://www.chess.com"]

[Event "Titled Tuesday Blitz August 1 Early 2023"]
[White "Gunina, Valentina"]
[Black "Mitrabha, Guha"]
[WhiteFideId "4167570"]
[BlackFideId "5057000"]
[WhiteElo "2710"]
[BlackElo "2843"]
[Result "0-1"]
[Round "8"]
[TimeControl "180+1"]
[Date "2023.08.01"]
[WhiteClock "0:00:40"]
[BlackClock "0:01:10"]
[Board "29"]

1. d4 Nf6 2. c4 e6 3. Nf3 c5 4. d5 exd5 5. cxd5 d6 6. Nc3 g6 7. Nd2 Bg7 8. e4 O-O 9. Be2 Re8 10. O-O Na6 11. a4 Nc7 12. f3 b6 13. Nc4 Ba6 14. Bf4 Bxc4 15. Bxc4 Nh5 16. Be3 f5 17. g4 Nf6 18. gxf5 gxf5 19. Bg5 Qd7 20. Kh1 Kh8 21. Bd3 fxe4 22. fxe4 Ng4 23. e5 Rxe5 24. Bf4 Ne3 25. Bxe3 Rxe3 26. Bf5 Qe8 27. Qg4 Qg8 28. Qh5 Bxc3 29. bxc3 Qxd5+ 30. Kg1 Rg8+ 31. Kf2 Qd2+ 0-1


[Site "https://www.chess.com"]

[Event "Titled Tuesday Blitz August 1 Early 2023"]
[White "Oleksiyenko, Mykhaylo"]
[Black "Rustemov, Alexander"]
[WhiteFideId "4152417"]
[BlackFideId "4119002"]
[WhiteElo "2710"]
[BlackElo "2839"]
[Result "0-1"]
[Round "8"]
[TimeControl "180+1"]
[Date "2023.08.01"]
[WhiteClock "0:00:00"]
[BlackClock "0:00:29"]
[Board "30"]

1. e4 e6 2. d4 d5 3. Nd2 dxe4 4. Nxe4 Bd7 5. Nf3 Bc6 6. Bd3 Nd7 7. O-O Ngf6 8. Ned2 Be7 9. c4 O-O 10. Re1 b6 11. b3 Bb7 12. Bb2 c5 13. Qe2 Re8 14. Rad1 Qc7 15. h3 Rad8 16. dxc5 bxc5 17. Bb1 h6 18. Ne5 Nxe5 19. Bxe5 Qc6 20. Nf3 a5 21. Rxd8 Rxd8 22. Bxf6 Bxf6 23. Be4 Qxe4 24. Qxe4 Bxe4 25. Rxe4 a4 26. bxa4 Ra8 27. Re2 Rxa4 28. Rc2 Kf8 29. Kf1 Ke7 30. Ke2 Kd6 31. Rd2+ Kc6 32. Rc2 Ra3 33. Ne1 Bd4 34. Nf3 e5 35. Nd2 f5 36. Nb3 h5 37. Rd2 Ra4 38. Rc2 e4 39. f3 Kd6 40. g4 fxg4 41. hxg4 hxg4 42. fxg4 Ke5 43. g5 Kf5 44. Kd2 Kxg5 45. Nxd4 cxd4 46. c5 Ra7 47. c6 Rc7 48. Rc4 Kf4 49. Rxd4 Rxc6 50. Rd7 g5 51. a4 Rc4 52. a5 Ra4 53. Rf7+ Kg3 54. Ra7 Ra3 55. a6 g4 56. Ra8 Kg2 57. Ke2 g3 58. a7 e3 59. Kd1 Ra2 60. Ke1 e2 61. Rd8 Rxa7 62. Rg8 Rf7 63. Rh8 Kf3 0-1


[Site "https://www.chess.com"]

[Event "Titled Tuesday Blitz August 1 Early 2023"]
[White "Ohanyan, Emin"]
[Black "Materia, Marco"]
[WhiteFideId "13312022"]
[BlackFideId "45150451"]
[WhiteElo "2812"]
[BlackElo "2702"]
[Result "0-1"]
[Round "8"]
[TimeControl "180+1"]
[Date "2023.08.01"]
[WhiteClock "0:00:24"]
[BlackClock "0:01:24"]
[Board "31"]

1. d4 Nf6 2. c4 e6 3. Nf3 d5 4. Nc3 Be7 5. Bf4 O-O 6. e3 b6 7. Bd3 dxc4 8. Bxc4 Ba6 9. Bxa6 Nxa6 10. O-O c5 11. Qe2 Qc8 12. Rfd1 Rd8 13. dxc5 Rxd1+ 14. Rxd1 Nxc5 15. Nd4 Qb7 16. Qf3 Qxf3 17. gxf3 Rc8 18. Ndb5 a6 19. Na7 Re8 20. Nc6 Bf8 21. e4 Rc8 22. Ne5 b5 23. Be3 b4 24. Ne2 Na4 25. b3 Nc3 26. Nxc3 bxc3 27. Nc4 h6 28. Rc1 Bb4 29. Bd4 Nh5 30. Bxc3 Nf4 31. Kf1 Bxc3 32. Rxc3 Rd8 33. Ne3 Rd2 34. Rc2 Rd4 35. Rb2 Kf8 36. b4 Ke7 37. a4 a5 38. bxa5 Rxa4 39. Rb1 Rxa5 40. Ng2 Nh3 41. f4 Ra2 42. Rb7+ Ke8 43. Rb8+ Kd7 44. Ke1 Rxf2 45. Ne3 Rxf4 0-1


[Site "https://www.chess.com"]

[Event "Titled Tuesday Blitz August 1 Early 2023"]
[White "Harvey, Marcus R"]
[Black "Rosen, Eric"]
[WhiteFideId "400092"]
[BlackFideId "2032562"]
[WhiteElo "2803"]
[BlackElo "2700"]
[Result "1-0"]
[Round "8"]
[TimeControl "180+1"]
[Date "2023.08.01"]
[WhiteClock "0:00:10"]
[BlackClock "0:00:01"]
[Board "32"]

1. d4 d5 2. c4 e6 3. Nf3 Nf6 4. g3 dxc4 5. Bg2 Bb4+ 6. Bd2 c5 7. Bxb4 cxb4 8. O-O O-O 9. a3 b5 10. Ne5 Nd5 11. axb4 Bb7 12. b3 cxb3 13. Qxb3 Nd7 14. Nd3 N7b6 15. Nc5 Qe7 16. e4 Nf6 17. Nc3 a6 18. Rfe1 Nc4 19. d5 e5 20. Nd1 Ne8 21. Nb2 Ned6 22. Nbd3 Bc8 23. f4 f6 24. Qc3 Re8 25. Re2 Bg4 26. Rea2 Bc8 27. Re1 Qa7 28. Kh1 Qb6 29. Rea1 Re7 30. Bf3 Nf7 31. Bh5 Nfd6 32. Bf3 Nf7 33. h4 Qd6 34. Kg2 Qb6 35. Nf2 Nfd6 36. Be2 a5 37. Rxa5 Rxa5 38. Rxa5 Nxa5 39. bxa5 b4 40. axb6 bxc3 41. Bd3 c2 42. Bxc2 Nc4 43. Bb3 Nd6 44. Kf3 Kf8 45. Nfd3 Bb7 46. Nb4 Nc8 47. f5 Nxb6 48. d6 Re8 49. Nxb7 Nd7 50. Ba4 Rb8 51. Na5 Nc5 52. Nbc6 Rb6 53. Bd1 Ra6 54. Be2 Rb6 55. Ke3 g6 56. g4 Nd7 57. Bc4 Rb1 58. Be6 Nc5 59. Kd2 Ra1 60. d7 Nxd7 61. Bxd7 Rh1 62. h5 gxh5 63. gxh5 Rxh5 64. Ke3 Rh3+ 65. Ke2 Ra3 66. Nc4 Rc3 67. Ne3 h5 68. Nd5 Ra3 69. Nxf6 h4 70. Nxe5 h3 71. Nfg4 h2 72. Nxh2 Ra2+ 73. Kf3 Rxh2 74. Kf4 Rh4+ 75. Ke3 Rh1 76. Ng4 Re1+ 77. Kf4 Rg1 78. Ne3 Ke7 79. Bc6 Kd6 80. Ba8 Re1 81. e5+ Ke7 82. f6+ Kf8 83. Bd5 Ra1 84. e6 Ra7 85. Ke5 Rc7 86. Nf5 Ra7 87. e7+ Ke8 88. Bc6+ Kf7 89. e8=Q# 1-0


[Site "https://www.chess.com"]

[Event "Titled Tuesday Blitz August 1 Early 2023"]
[White "Agibileg, Uurtsaikh"]
[Black "Priasmoro, Novendra"]
[WhiteFideId "4901606"]
[BlackFideId "7105029"]
[WhiteElo "2698"]
[BlackElo "2788"]
[Result "1-0"]
[Round "8"]
[TimeControl "180+1"]
[Date "2023.08.01"]
[WhiteClock "0:00:09"]
[BlackClock "0:00:00"]
[Board "33"]

1. d4 Nf6 2. c4 e6 3. Nc3 d5 4. cxd5 exd5 5. Bg5 Be7 6. e3 c6 7. Bd3 Nbd7 8. Nge2 Nh5 9. Bxe7 Qxe7 10. Qc2 Nb6 11. O-O-O g6 12. Kb1 Bd7 13. h3 O-O-O 14. Rc1 Kb8 15. Na4 Nxa4 16. Qxa4 Nf6 17. Rc3 Bf5 18. Bxf5 gxf5 19. Ka1 Ne4 20. Ra3 a6 21. Rc1 Rc8 22. f3 Nd6 23. Qb4 Ka8 24. Nf4 Rhe8 25. Rac3 Nc4 26. Qa4 Nxe3 27. b3 Qd6 28. g3 Ka7 29. Kb1 Re7 30. Nd3 Qxg3 31. Ne5 f4 32. Qa3 Re6 33. Qc5+ Ka8 34. Nd7 Qg6+ 35. Ka1 Rd8 36. Nb6+ Kb8 37. Qb4 Nf5 38. Na4 Ka8 39. Nc5 Re7 40. Qa5 Qf6 41. Qxd8+ Ka7 42. Nd7 Qd6 43. Qb6+ Ka8 44. Ne5 f6 45. Nxc6 bxc6 46. Rxc6 Qb8 47. Rc8 1-0


[Site "https://www.chess.com"]

[Event "Titled Tuesday Blitz August 1 Early 2023"]
[White "Lamaze, Simon"]
[Black "Hua, Lefong"]
[WhiteFideId "36069264"]
[BlackFideId "2602253"]
[WhiteElo "2787"]
[BlackElo "2670"]
[Result "1-0"]
[Round "8"]
[TimeControl "180+1"]
[Date "2023.08.01"]
[WhiteClock "0:00:14"]
[BlackClock "0:00:10"]
[Board "34"]

1. c4 Nf6 2. Nc3 g6 3. e4 d6 4. d4 Bg7 5. Be2 O-O 6. Be3 c5 7. d5 e6 8. Nf3 exd5 9. cxd5 Bg4 10. Nd2 Bxe2 11. Qxe2 a6 12. a4 Re8 13. f3 Nbd7 14. O-O Rb8 15. a5 Qc7 16. Rfc1 b5 17. axb6 Rxb6 18. Nc4 Rb4 19. Bf4 Bf8 20. Rxa6 Nb6 21. Nxb6 Rxb6 22. Rxb6 Qxb6 23. Qb5 Rb8 24. Qxb6 Rxb6 25. Rc2 Nh5 26. Be3 Bg7 27. Kf2 Nf6 28. Nb1 Nd7 29. Na3 Ne5 30. Ke2 Kf8 31. Bd2 Ke7 32. Bc3 f6 33. f4 Nd7 34. Nc4 Rb7 35. Rc1 Bh6 36. g3 g5 37. Kf3 gxf4 38. gxf4 Ne5+ 39. fxe5 Bxc1 40. Nxd6 Rb3 41. Nf5+ Ke8 42. Kg4 Bxb2 43. Bxb2 Rxb2 44. exf6 c4 45. Nd6+ Kf8 46. Nxc4 Rxh2 47. Kf5 h5 48. d6 h4 49. d7 Kf7 50. d8=Q 1-0


[Site "https://www.chess.com"]